[Event "14th Margaryan Memorial-GM 2024"]
[Site "Yerevan"]
[Date "2024.01.16"]
[Round "9.4"]
[White "Davtyan, Arsen"]
[Black "Shahinyan, David"]
[Result "1-0"]
[ECO "E01"]
[WhiteElo "2392"]
[BlackElo "2436"]
[Annotator "TA"]
[PlyCount "124"]
[EventDate "2024.01.08"]
[EventType "tourn"]
[EventCountry "ARM"]
[SourceTitle "playchess.com"]
[Source "ChessBase"]
[SourceQuality "1"]
[TimeControl "40/5400+30:1800+30"]

1. d4 Nf6 2. c4 e6 3. Nf3 d5 4. g3 Bb4+ 5. Bd2 Bd6 6. Bg2 {[%emt 0:00:38] E01: Catalan: Early deviations.} c6 7. Qc2 Nbd7 8. O-O {[%emt 0:05:26] The position is equal.} O-O 9. Bg5 {[%emt 0:02:38] 9.b3 is a critical line.} h6 10. Bxf6 Qxf6 (10... Nxf6 {simplifies} 11. Nbd2 b6 12. e4 Be7) 11. Nbd2 c5 12. dxc5 Nxc5 13. b4 {[%emt 0:00:07] [#]} Nd7 $146 ({Predecessor:} 13... Ne4 14. Nxe4 dxe4 15. Qxe4 Bxb4 16. Rab1 Bd6 17. Rfd1 Qe7 18. Ne5 Qc7 19. Nd3 Rb8 {½-½ Xiang,Z (2440)-Oboladze,L (2295) Prague op-A 18th 2019 (3)}) 14. Rab1 a5 15. bxa5 Rxa5 16. Rfd1 Nc5 17. Nb3 Nxb3 18. axb3 Bb4 19. Rd4 (19. Ne1 $5 ) 19... Rc5 20. Qd3 dxc4 21. Rxc4 (21. bxc4 {simplifies} Ba5 22. Nd2 Bxd2 23. Qxd2 Qe7 24. Qd3) 21... Rd8 (21... Rxc4 {simplifies} 22. Qxc4 Be7 23. Ne1 Rd8) 22. Qc2 b6 23. Rd1 Rxd1+ 24. Qxd1 Rxc4 25. bxc4 Bc5 26. h4 g6 27. e3 Kg7 28. Nd4 Qe5 29. Nb3 Be7 30. Qd4 Qxd4 31. Nxd4 $11 {[%emt 0:00:04][%mdl 4096] Endgame KBB-KBN} f5 32. Nb5 Kf6 33. Kf1 Bd7 34. Ke2 Bc5 35. Bb7 e5 36. f3 f4 37. Nc3 (37. exf4 $15 exf4 38. gxf4) 37... fxg3 $17 (37... fxe3 $6 38. Ne4+ Ke7 39. Nxc5 bxc5 40. Be4 $11) 38. Ne4+ Kg7 39. Nxg3 Be8 40. Kf2 Bf7 41. Ba6 Be7 42. h5 {[%emt 0:00:10][%mdl 64] Deflection} gxh5 43. Nf5+ Kf6 44. Nxe7 {[%emt 0:00:06][%mdl 8192] This move loses the game for White.} (44. Nxh6 $17 Be6 45. e4) 44... Kxe7 {[%emt 0:00:02] KB-KB} 45. Kg3 {[%emt 0:00:05] [#]} Kd6 $1 46. Kh4 (46. f4 $142 Ke6 47. Bb7) 46... Kc5 $19 47. f4 exf4 (47... Bxc4 48. Bxc4 exf4 49. exf4 Kxc4 50. f5 Kc3 51. f6 b5 52. Kxh5) 48. exf4 {[%emt 0:00:05] [#]} Kd4 $1 {[%emt 0:00:03][%cal Od4e3] And now ...Ke3! would win.} (48... Bxc4 49. Bxc4 Kd4 50. Be6 Kd3 51. Kxh5 Ke4 52. f5 (52. Kxh6 Kxf4 53. Kh7 Kg5 $11) 52... Ke5 53. Kg6) 49. f5 Ke4 {[%emt 0:00:11] Black mates.} (49... Bxc4 50. Bxc4 Ke5 51. Be6 (51. Kxh5 Kxf5 52. Kxh6 Kg4 $11) 51... Kf6 52. Kxh5 Ke5 53. Kxh6 Kf6 54. Kh5) 50. Bc8 Ke5 ({Not} 50... Bxc4 51. Be6 $11) 51. Bd7 {[%emt 0:00:23] Wards off Be8} Kf6 $1 ({And not} 51... Bxc4 52. Kxh5 Kf6 53. Kxh6 $17) 52. Bc8 Bxc4 53. Kxh5 b5 54. Bd7 b4 55. Ba4 Kxf5 56. Kxh6 Ke4 57. Kg5 Kd4 58. Kf4 Kc3 59. Ke3 Bd3 60. Be8 b3 61. Bf7 b2 62. Ba2 Bg6 {[%emt 0:00:00][%mdl 32768] Weighted Error Value: White=0.32/Black=0.05 (flawless) . Loss on time!?} ({Weaker is} 62... b1=B 63. Bxb1 $11) 1-0

[Event "14th Margaryan Memorial-GM 2024"]
[Site "Yerevan"]
[Date "2024.01.16"]
[Round "9.5"]
[White "Shuvalova, Polina"]
[Black "Movahed, Sina"]
[Result "0-1"]
[ECO "B67"]
[WhiteElo "2475"]
[BlackElo "2450"]
[Annotator "TA"]
[PlyCount "142"]
[EventDate "2024.01.08"]
[EventType "tourn"]
[EventCountry "ARM"]
[SourceTitle "playchess.com"]
[Source "ChessBase"]
[SourceQuality "1"]
[TimeControl "40/5400+30:1800+30"]

1. e4 c5 2. Nf3 d6 3. d4 cxd4 4. Nxd4 Nf6 5. Nc3 Nc6 6. Bg5 e6 7. Qd2 a6 8. O-O-O Bd7 9. f4 h6 {[%emt 0:00:07] 9...Be7 is becoming the main line.} 10. Bh4 Be7 11. Nf3 Qc7 {[%emt 0:00:14] B67: Sicilian: Richter-Rauzer: 7...a6 8 0-0-0 Bd7, lines without 9 f4 Be7.} 12. Kb1 b5 {[%emt 0:00:15] [#]} 13. e5 $1 dxe5 {[%emt 0:00:06] White has an edge.} 14. fxe5 Nd5 15. Nxd5 exd5 16. Bxe7 Nxe7 {[%emt 0:00:25] [#]} 17. Bd3 $146 ({Predecessor:} 17. Qb4 Rc8 18. Bd3 Nc6 19. Qc5 Be6 20. Rhf1 Qe7 21. Qg1 O-O 22. g4 Nb4 23. Nd4 Nxd3 24. Rxd3 {½-½ Balutescu,M (2346)-Jimenez Ariza,J (2371) Champion's League 2021/B2 email}) 17... Nc6 {[%emt 0:00:27] Dodges Nd4} 18. Qf4 (18. c3 {simplifies} O-O 19. Bc2 Nxe5 20. Qxd5 Nxf3 21. Qxd7 Qxd7 22. Rxd7 Ne5 23. Rd4) 18... O-O 19. Rhe1 Rae8 20. Qg3 (20. c3 $5) 20... Re7 21. Re2 Rfe8 22. Rde1 Qb8 (22... Nb4 {with more complications.} 23. Qf4 Qa5 24. a3 Nxd3 25. cxd3 Qb6) 23. Qf4 a5 (23... Kh8 $11) 24. g4 $1 $16 f6 25. Bg6 fxe5 26. Qd2 Rf8 (26... Qd6 $1 $14 27. Bxe8 Rxe8) 27. Qxd5+ Kh8 28. Bf5 (28. Nxe5 $2 Rxe5 29. Rxe5 Nxe5 $19) (28. Be4 $16) 28... Qe8 (28... Bxf5 $11 {remains equal.} 29. gxf5 Rf6) 29. Nh4 $1 (29. Qxb5 $6 Rxf5 30. gxf5 Nd4 $11) (29. Nxe5 Bxf5 30. gxf5 (30. Qxc6 $2 Qxc6 31. Nxc6 Rxe2 $19) 30... Rxf5 $17) 29... Rf6 {[%emt 0:01:08] Wards off Ng6+} 30. a3 (30. Qxb5 g6 31. Bxd7 Qxd7) ({White should try} 30. Rd2 $16 Be6 31. Bxe6 (31. Qxb5 Bxa2+ 32. Kc1 Bf7 $14) 31... Rexe6 32. Qxb5) 30... g6 (30... b4 $14) 31. Bd3 b4 32. a4 (32. Qe4 $16) 32... Kg7 (32... Bxg4 $11 33. Rf2 Ree6 34. Rxf6 Rxf6) 33. h3 {[%emt 0:01:13] [#]} (33. Re3 $16) 33... b3 $1 $11 34. cxb3 (34. Qxb3 Nd4 35. Bxg6 Rxg6 36. Nxg6 Nxb3 37. Nxe7 Qxe7 $17) 34... Nb4 35. Qe4 (35. Qxa5 $2 Nxd3 36. Rd1 e4 $19) 35... Bc6 {[%emt 0:01:28] Some like it hot} 36. Qe3 Rd6 37. Be4 (37. Bxg6 $11 Rxg6 38. Nf5+ Kh8 39. Qc3 (39. Nxe7 Qxe7 40. Qc3 Rd6 $11)) 37... Bxe4+ $17 38. Qxe4 Qf7 ({Black should play} 38... Red7 $17 {( -> ...Rd1+)} 39. Rc1 (39. Qxe5+ Qxe5 40. Rc1 Qxe2 41. Nf5+ gxf5 42. gxf5 Rd1 43. f6+ Kxf6 44. h4 Rxc1+ {[%mdl 64] Back Rank} 45. Kxc1 Qf1#) 39... Rd4) 39. Re3 $1 $15 Rf6 {[%emt 0:01:57][%mdl 1024] Black has compensation.} (39... Qf2 {is interesting.} 40. Ng2 Rd3 41. R3e2 Qf6) 40. Nf3 Rd6 (40... Nd5 $11) 41. h4 (41. Nxe5 $16 Qd5 42. Qxd5 Rxd5 43. Nc4 Rxe3 44. Nxe3) 41... Rd5 (41... Red7 $1 $11 42. Rc1 (42. Nxe5 $2 Rd1+ {[%mdl 64] Back Rank} 43. Rxd1 Rxd1#) (42. Qxe5+ Kh7 $15) 42... Re7) 42. Rc1 (42. h5 $16) 42... Qf6 {[%emt 0:01:15] Prevents} (42... Rc7 $11 43. Rxc7 (43. Nxe5 Rxc1+ 44. Kxc1 Qf6 $11) (43. Rec3 Rxc3 44. bxc3 Rd3 $11) 43... Qxc7) 43. h5 $16 g5 {[%emt 0:00:59] Inhibits Nh4.} (43... Rd6 $142) 44. Rec3 $1 Qd6 {[%emt 0:00:37] Dodges Rc6} 45. Rc8 {[%emt 0:03:31][%cal Of3g5] Threatening mate with Nxg5!} Rd1 46. Rxd1 (46. Ne1 $1 $16) 46... Qxd1+ $11 47. Rc1 Qd3+ 48. Qxd3 Nxd3 {[%emt 0:00:05][%mdl 4096] Endgame KRN-KRN} 49. Rc4 e4 50. Nd4 Kf6 51. Kc2 Rd7 52. Nc6 e3 (52... Ne1+ $11 {and Black is okay.} 53. Kb1 Nf3) 53. Re4 $1 $18 Ne1+ 54. Kc3 (54. Kb1 $18) 54... Rc7 $14 55. Rc4 Ng2 (55... Rd7 $11 56. Nd4 (56. Nxa5 $2 Rd3+ 57. Kb4 e2 $19) 56... Ng2) 56. Kd3 (56. Nxa5 $2 Rxc4+ 57. Kxc4 e2 $19) (56. Nd4 $5 Rd7 57. b4 $14) 56... Rf7 $2 (56... Rc8 $1 $14) 57. Re4 $2 (57. Nxa5 $2 Rd7+ 58. Kc2 (58. Ke2 $2 Rd2+ 59. Kf3 e2 $19) 58... e2 $19) (57. b4 $1 $18 {and the rest is easy.}) 57... Rc7 $16 58. Rc4 (58. Nxa5 Rd7+ 59. Kc3 Nf4 $14) (58. Nd4 $1 $16) 58... Rd7+ $2 (58... Rf7 $11) 59. Rd4 $18 Rb7 (59... Rc7) 60. Rd6+ (60. Nxa5 $2 Re7 61. Ke2 (61. Rd6+ $2 Kf7 $19) 61... Nf4+ 62. Ke1 e2 63. Rd6+ Kf7 $19) 60... Kg7 61. Nd4 $2 (61. Nxa5 $2 Re7 62. Nc6 (62. Rg6+ $2 Kh7 $19) 62... e2 63. Nxe7 (63. Rg6+ $2 Kh7 $19) 63... e1=Q 64. Nf5+ Kf7 $19) (61. Rg6+ Kh7 62. Rd6 (62. Nxa5 $2 Re7 $19) 62... Rxb3+ 63. Kc2 (63. Ke2 $2 Nf4+ 64. Kf1 e2+ 65. Ke1 Rxb2 $19) 63... Rb6 64. Rd7+ Kg8 $15) (61. b4 $1 $18) 61... Kg8 (61... Rb8 $1 $11 {keeps the balance.}) 62. Rxh6 Re7 {[%emt 0:00:16] Hoping for ...Nf4+.} 63. Rg6+ (63. Rc6 $16) 63... Kh7 $14 {[%emt 0:00:12] And now ...Nf4+ would win.} 64. Rxg5 {[%emt 0:00:15][%cal Od4e2] Ne2! would be deadly.} Nf4+ $1 65. Kc2 {[%emt 0:01:25] aiming for Rf5.} (65. Kc4 $5 Re4 66. Kc3 $16 (66. Rxa5 $2 e2 $19)) 65... Rc7+ $1 66. Kb1 {[%emt 0:00:10] Strongly threatening Rf5.} ({Not} 66. Kd1 $2 Rd7 67. Re5 Rxd4+ 68. Kc2 Rd2+ 69. Kc3 Nd5+ 70. Kc4 e2 $19) 66... Nd3 $2 (66... Rd7 $11 {and Black has nothing to worry.} 67. Ne6 Nxe6) 67. Rxa5 $2 ({White must play} 67. Ne2 $1 $18) 67... Rc1+ $17 68. Ka2 {[%emt 0:00:01][%cal Ob3b4] [#] b4! is the strong threat.} e2 $1 {[%emt 0:00:02] Black is more active.} 69. Ra7+ {[%emt 0:00:34] [#]} (69. Nxe2 $2 {gets mated.} Nb4+ 70. Ka3 Nc2+ 71. Ka2 Ra1#) (69. Re5 $1 $15 e1=Q 70. Rxe1 Rxe1 71. b4) 69... Kh6 ({Better is} 69... Kg8 $1 70. Re7 (70. Nxe2 $2 {leads to mate.} Nb4+ 71. Ka3 Nc2+ 72. Ka2 Ra1#) 70... e1=Q 71. Rxe1 Rxe1) 70. Nxe2 $4 (70. Re7 $17 e1=Q 71. Rxe1 Rxe1 72. b4) 70... Nb4+ 71. Ka3 Nc2+ {[%emt 0:00:01] Both players deserved the win here. A cool game by Movahed.   Weighted Error Value: White=0.31/Black=0.47} 0-1